 Dungeon Crawl Stone Soup version 0.32-a0-876-gcfddb08e57 (webtiles) character file.

Game seed: 11646008890350818723

275 Lanoc the Slasher (level 6, -1/47 HPs)
             Began as a Coglin Gladiator on Apr 1, 2024.
             Slain by a gnoll
             ... wielding a +2 spear of venom
              (8 damage)
             ... on level 2 of the Dungeon.
             The game lasted 00:02:06 (1957 turns).

Lanoc the Slasher (Coglin Gladiator)                Turns: 1957, Time: 00:02:06

Health: -1/47      AC:  4    Str: 14    XL:     6   Next: 25%
Magic:  6/6        EV: 12    Int:  8    God:
Gold:   92         SH:  0    Dex: 17    Spells: 5/5 levels left

rFire   . . .        a - +0 long sword {Natsumi}
rCold   . . .        f - +0 dagger {Yawen}
rNeg    . . .        b - +0 leather armour
rPois   .            c - +0 helmet
rElec   .            (no cloak)
rCorr   .            (no gloves)
SInv    .            (no boots)
Will    .....        (amulet unavailable)
Stlth   +            (ring unavailable)
HPRegen 0.27/turn    (ring unavailable)
MPRegen 0.10/turn    (no gizmo)

%: no passive effects
@: lethally poisoned (-1 -> -14), revving
A: off-hand wielding, slow wielding, warmup strikes, no jewellery
a: Invent Gizmo


You were on level 2 of the Dungeon.
You visited 1 branch of the dungeon, and saw 3 of its levels.

You collected 92 gold pieces.

Inventory:

Hand Weapons
 a - a +0 long sword (weapon) {Natsumi}
 f - a +0 dagger (offhand) {Yawen}
Missiles
 e - a javelin
Armour
 b - a +0 leather armour (worn)
 c - a +0 helmet (worn)
Scrolls
 h - a scroll of fog {unknown}
 i - a scroll of teleportation {unknown}
Potions
 g - a potion of berserk rage {unknown}


   Skills:
 + Level 3.5 Fighting
 * Level 5.2 Long Blades
 - Level 1.7 Throwing
 + Level 3.8 Dodging


You had 5 spell levels left.
You didn't know any spells.
Your spell library contained the following spells:

 Spells                   Type           Power      Damage    Failure   Level
 Summon Ice Beast         Ice/Summ       0%         N/A       86%         3
 Volatile Blastmotes      Fire/Tloc      0%         2d10      86%         3
 Fulminant Prism          Conj/Alch      0%         3d5       99%         4
 Iskenderun's Mystic Bla Conj/Tloc 0%             2d3        (+2d1     99%         4
 Summon Mana Viper        Hex/Summ       0%         N/A       100%        5
 Monstrous Menagerie      Summ           0%         N/A       100%        7


Dungeon Overview and Level Annotations

Branches:
Dungeon (3/15)

Altars:

Shops:
D:2 :

Annotations:
D:3 Natasha


Innate Abilities, Weirdness & Mutations

You can wield a second weapon in your off-hand.
It takes a long time for you to wield or remove held weapons.
Your first few attacks do less damage.
You cannot equip rings or amulets.


Message History

You are poisoned.
The gnoll hits you but does no damage.
There is a stone staircase leading up here.
You feel sick.
The gnoll hits you with a +2 spear of venom.
You are more poisoned.
You climb upwards.
You feel very sick.
There is a stone staircase leading down here.
You barely miss the gnoll with your +0 dagger.
You slash the gnoll with your +0 long sword!
You feel very sick. The gnoll barely misses you.
You closely miss the gnoll with your +0 long sword.
The gnoll is heavily wounded.
You hit the gnoll with your +0 dagger.
You feel very sick.
The gnoll hits you with a +2 spear of venom.
You are more poisoned.
You barely miss the gnoll with your +0 dagger.
The gnoll is severely wounded.
You closely miss the gnoll with your +0 long sword.
You feel very sick.
The gnoll hits you with a +2 spear of venom.
You are lethally poisoned!
You hit the gnoll but do no damage.
The gnoll is severely wounded.
You hit the gnoll but do no damage.
* * * LOW HITPOINT WARNING * * *
You feel very sick. The gnoll closely misses you.
Throw: throwing net
Press: ? - help, Q - select action, (/) - cycle Shift-Dir - straight line, f - gnoll
Aim: a gnoll, wielding a +2 spear of venom (severely wounded, 61% to hit)
You throw a throwing net.
The throwing net closely misses the gnoll.
* * * LOW HITPOINT WARNING * * *
You feel very sick.
The gnoll hits you with a +2 spear of venom!
You die...

#.................####......
#..........(......# ##......
#..............)### #....##.
#..............## #....##.
####.#.........# #.......
#............# ####.......
##..........÷# #..........
##......g)..###..........
#......@.....+..........
#.#.........##....##....
#####.#.........#...........
#.....#.........#...........
#.....#.........#...........
#.....#.........#...........
#........÷......#..........#
#...............#..........#
#...............#...........


You could see a gnoll.

Vanquished Creatures
  Sigmund (D:2)
  Terence (D:2)
  3 gnolls
  2 adders
  3 ribbon worms (D:2)
  4 ball pythons
  4 endoplasms
  2 giant cockroaches (D:1)
  A goblin (D:2)
  7 hobgoblins
  3 jackals (D:2)
  6 kobolds
  2 quokkas (D:1)
  4 bats
  4 frilled lizards
  2 rats
49 creatures vanquished.

Notes
Turn   | Place    | Note
-------+----------+-------------------------------------------
     0 | D:1      | Lanoc the Coglin Gladiator began the quest for the Orb.
     0 | D:1      | Reached XP level 1. HP: 16/16 MP: 1/1
    94 | D:1      | Reached XP level 2. HP: 22/22 MP: 2/2
   393 | D:1      | Reached XP level 3. HP: 28/28 MP: 3/3
   736 | D:2      | Noticed Sigmund
   738 | D:2      | Found Zudieck's Book Shop.
   823 | D:2      | Killed Sigmund
   824 | D:2      | Reached skill level 4 in Long Blades
   824 | D:2      | Reached XP level 4. HP: 35/35 MP: 4/4
   824 | D:2      | Reached XP level 5. HP: 41/41 MP: 5/5
   899 | D:2      | Noticed Terence
   917 | D:2      | Killed Terence
   918 | D:2      | Reached skill level 5 in Long Blades
  1108 | D:2      | Reached XP level 6. HP: 47/47 MP: 6/6
  1792 | D:3      | Noticed Natasha
  1957 | D:2      | Slain by a gnoll

Illustrated notes

Levels and vault maps discovered:
D:1:      minmay_arrival_glassed_features, layout_loops_ring,
          hangedman_decor_growths, minmay_hedge_maze, hangedman_decor_points,
          hangedman_decor_riveting
D:2:      layout_basic, serial_shops, shop, uniq_sigmund, uniq_terence
D:3:      layout_loops_corners, kennysheep_vampire_church, uniq_natasha

Skill      XL: |  1  2  3  4  5 |
---------------+----------------+-----
Dodging        | 3 |  3.8
Fighting       | 3 |  3.5
Long Blades    | 4 5 |  5.2
Throwing       | |  1.7

Action                     |  1- 3 |  4- 6 || total
---------------------------+-------+-------++-------
  Melee: Long sword        |    51 |    75 ||   126
         Dagger            |    43 |    72 ||   115
  Throw: Throwing net      |     1 |     3 ||     4
   Stab: Held in net/web   |     2 |     1 ||     3
         Sleeping          |     1 |     1 ||     2
 Armour: Leather armour    |    23 |    58 ||    81
  Dodge: Dodged            |    31 |    55 ||    86

Table legend: (Time is in decaauts)
 A = Elapsed time spent in this place.
 B = Non-inter-level travel time spent in this place.
 C = Inter-level travel time spent in this place.
 D = Time resting spent in this place.
 E = Time spent auto-exploring this place.
 F = Levels seen in this place.
 G = Mean time per level.
                   A        B        C        D        E       F      G
               +--------+--------+--------+--------+--------+-----+--------+
         Total |   1962 |   1902 |     60 |    186 |   1346 |   3 |  654.0 |
       Dungeon |   1962 |   1902 |     60 |    186 |   1346 |   3 |  654.0 |
               +--------+--------+--------+--------+--------+-----+--------+

Top non-repeatable levels by time:
     D:2: 1112 daAuts
     D:1: 751 daAuts
     D:3: 98 daAuts
